 Dungeon Crawl Stone Soup version 0.28-a0-1033-g1a2f33fa85 (webtiles) character file.

Game seed: 702615886770222233

100 ytrimaz the Scratcher (level 4, -2/22 HPs)
             Began as a Felid Transmuter on Dec 7, 2021.
             Slain by a phantom (6 damage)
             ... on level 3 of the Dungeon.
             The game lasted 00:04:48 (3302 turns).

ytrimaz the Scratcher (Felid Transmuter)            Turns: 3302, Time: 00:04:48

Health: -2/22      AC:  5    Str:  6    XL:     4   Next: 46%
Magic:  4/9        EV: 11    Int: 16    God:
Gold:   129        SH:  0    Dex: 16    Spells: 1/9 levels left
                                        Lives:  0   Deaths: 1

rFire   x . .      SeeInvis +     - Unarmed
rCold   + + +      Faith    .   (shield unavailable)
rNeg    . . .      Spirit   .   (armour unavailable)
rPois   +          Reflect  .   (helmet unavailable)
rElec   .          Harm     .   (cloak unavailable)
rCorr   .          Rampage  .   (gloves unavailable)
Will    .....                   (boots unavailable)
Stlth   +.........              (no amulet)
HPRegen 0.07/turn               (no ring)
MPRegen 0.11/turn               (no ring)

@: ice-form
A: freezing attack, amphibious, boosted hp, large, (claws 1), (fangs 3), see
invisible, (speed 1), (shaggy fur 1), (stealthy paws), no weapons or thrown
items, no armour, multi-lived
a: End Transformation


You were on level 3 of the Dungeon.
You were a creature of crystalline ice.
You visited 1 branch of the dungeon, and saw 3 of its levels.

You collected 129 gold pieces.

Inventory:

Scrolls
 a - a scroll of vulnerability
 c - 2 scrolls of fear
 e - a scroll of blinking
Potions
 b - a potion of mutation {unknown}
 d - 2 potions of haste {unknown}
 f - a potion of lignification {unknown}


   Skills:
 * Level 2.2 Fighting
 + Level 3.3 Dodging
 + Level 4.2 Unarmed Combat
 + Level 3.1 Spellcasting
 + Level 2.9 Transmutations


You had one spell level left.
You knew the following spells:

 Your Spells              Type           Power      Damage    Failure   Level
a - Beastly Appendage     Tmut           22%        N/A       5%          1
b - Spider Form           Tmut/Pois      7%         N/A       30%         3
c - Ice Form              Ice/Tmut       7%         N/A       69%         4

Your spell library contained the following spells:

 Spells                   Type           Power      Damage    Failure   Level
 Wereblood                Tmut           11%        N/A       9%          2


Dungeon Overview and Level Annotations

Branches:
Dungeon (3/15)

Altars:


Innate Abilities, Weirdness & Mutations

You are a creature of crystalline ice.
You have a powerful freezing melee attack.
You are amphibious.
Your maximum health is increased.
((You have sharp claws.))
((You have razor-sharp teeth.))
You have supernaturally acute eyesight. (SInv)
((You cover ground quickly. (Speed+)))
((You are covered in fur. (AC +1)))
((Your paws help you pounce on unaware monsters.))
You are incapable of wielding weapons or throwing items.
You cannot wear armour.
You gain extra lives every three experience levels.


Message History

You miscast Ice Form.
You are very lightly contaminated with residual magic.
Your paws feel numb with cold!
Ouch! That really hurt!
Unknown command.
You start resting.
Your magical contamination has completely faded away.
You start resting.
Magic restored.
You start resting.
HP restored.
Casting: Ice Form (potentially lethal; 69% risk of failure)
Confirm with . or Enter, or press ? or * to list all spells.
The spell is potentially lethal to miscast (30% risk of failure)!
Continue anyway?
You turn into a venomous arachnid creature.
Unknown command.
Unknown command.
You start resting.
Your transformation is almost over.
You start resting.
Your transformation has ended.
Casting: Spider Form (potentially lethal; 30% risk of failure)
Confirm with . or Enter, or press ? or * to list all spells.
The spell is potentially lethal to miscast (69% risk of failure)!
Continue anyway?
You turn into a creature of crystalline ice.
You climb downwards.
The phantom hits you.
The phantom blinks!
You blink.
You punch the phantom! You freeze the phantom.
The phantom is moderately damaged.
The phantom hits you!
The phantom blinks!
You blink.
You closely miss the phantom.
The phantom is moderately damaged.
The phantom hits you.
* * * LOW HITPOINT WARNING * * *
You punch the phantom!
The phantom is severely damaged.
The phantom closely misses you.
You barely miss the phantom.
The phantom is severely damaged.
The phantom hits you.
You die...

#.##... #.# .....
####.#### #.(..!..#
#.##.##.# ... #.##.##.#
.... ###### #.##.##.#
###.......######.##.##.#
.....##.##...#W##.##.#
#.##.##.#.ยง...Y......#
#.##...........##(####
.##....##.........#.#
....##.##...........#
.##..)...........<###
.......###.......##
.##.#### ##.....## #.#
##...## #.# #####


You could see a phantom.

Vanquished Creatures
  An orc priest (D:2)
  A gnoll shaman (D:2)
  3 gnolls (D:2)
  An adder (D:3)
  An ufetubus (D:2)
  2 worms
  A dart slug (D:1)
  7 orcs
  4 endoplasms
  3 giant cockroaches
  7 goblins
  4 hobgoblins
  2 quokkas
  5 ball pythons
  3 bats (D:1)
  3 frilled lizards
  5 kobolds
  2 rats
55 creatures vanquished.

Vanquished Creatures (others)
  8 plants (D:1)
8 creatures vanquished.

Grand Total: 63 creatures vanquished

Notes
Turn   | Place    | Note
-------+----------+-------------------------------------------
     0 | D:1      | ytrimaz the Felid Transmuter began the quest for the Orb.
     0 | D:1      | Reached XP level 1. HP: 9/9 MP: 4/4
   220 | D:1      | Reached XP level 2. HP: 12/12 MP: 4/6
  1067 | D:2      | Reached XP level 3. HP: 11/15 MP: 7/7
  1081 | D:2      | Learned a level 3 spell: Spider Form
  1635 | D:2      | Reached XP level 4. HP: 10/19 MP: 3/9
  2120 | D:2      | Reached skill level 4 in Unarmed Combat
  2120 | D:2      | Slain by a gnoll
  2121 | D:2      | Reached XP level 3. HP: -3/16 MP: 5/8
  2134 | D:2      | Reached XP level 4. HP: 19/19 MP: 6/9
  3060 | D:3      | Noticed a phantom
  3084 | D:2      | Learned a level 4 spell: Ice Form
  3302 | D:3      | Slain by a phantom

Illustrated notes

Levels and vault maps discovered:
D:1:      roderic_crop_circles_arrival_small, layout_basic, serial_forest,
          infiniplex_forest_diagonal, infiniplex_forest_corner_2,
          infiniplex_forest_lined_1, infiniplex_forest_lined_room_2,
          infiniplex_forest_straight_4, infiniplex_forest_diagonal,
          infiniplex_forest_straight_2, infiniplex_forest_clump_diagonal,
          infiniplex_forest_clump_double
D:2:      cheibrodos_pilgrimage, layout_basic
D:3:      layout_loops_cross

Skill      XL: |  1  2  3  4 |
---------------+-------------+-----
Dodging        | 3 |  3.3
Fighting       | 2 |  2.2
Spellcasting   | 3 |  3.1
Unarmed Combat | 4 |  4.2
Transmutations | |  2.9

Action                   |  1- 3 |  4- 6 || total
-------------------------+-------+-------++-------
Melee: Unarmed           |   105 |    61 ||   166
       Headbutt          |    11 |     1 ||    12
       Bite              |    10 |     1 ||    11
       Punch             |     1 |       ||     1
 Cast: Beastly Appendage |    25 |     4 ||    29
       Spider Form       |     4 |     9 ||    13
       Ice Form          |       |     1 ||     1
  Use: Scroll            |     3 |     2 ||     5
       Potion            |     1 |       ||     1
 Stab: Sleeping          |     1 |       ||     1
Armor: Skin              |     2 |     1 ||     3
Dodge: Dodged            |    86 |    41 ||   127

Table legend: (Time is in decaauts)
 A = Elapsed time spent in this place.
 B = Non-inter-level travel time spent in this place.
 C = Inter-level travel time spent in this place.
 D = Time resting spent in this place.
 E = Time spent auto-exploring this place.
 F = Levels seen in this place.
 G = Mean time per level.
                   A        B        C        D        E       F      G
               +--------+--------+--------+--------+--------+-----+--------+
         Total |   2989 |   2919 |     70 |    263 |   2148 |   3 |  996.3 |
       Dungeon |   2989 |   2919 |     70 |    263 |   2148 |   3 |  996.3 |
               +--------+--------+--------+--------+--------+-----+--------+

Top non-repeatable levels by time:
     D:2: 1517 daAuts
     D:1: 823 daAuts
     D:3: 647 daAuts
